 Dungeon Crawl Stone Soup version 0.31.0-11-ge490571c62 (webtiles) character file.

Game seed: 7748702799812416487

2105 qw the Skirmisher (level 9, -1/50 HPs)
             Began as a Deep Elf Hunter on Feb 4, 2024.
             Was an Initiate of Okawaru.
             Slain by a killer bee (2 damage)
             ... on level 6 of the Dungeon.
             The game lasted 00:00:20 (3760 turns).

qw the Skirmisher (Deep Elf Hunter)                 Turns: 3760, Time: 00:00:21

Health: -1/50      AC:  9    Str: 14    XL:     9   Next: 7%
Magic:  11/11      EV: 14    Int: 15    God:    Okawaru [......]
Gold:   46         SH:  0    Dex: 22    Spells: 8/8 levels left

rFire   . . .        a - +0 shortbow (heavy)
rCold   . . .        (shield currently unavailable)
rNeg    . . .        e - +1 ring mail
rPois   .            (no helmet)
rElec   .            (no cloak)
rCorr   .            f - +2 pair of gloves
SInv    .            (no boots)
Will    .....        c - amulet of faith
Stlth   ++           h - +6 ring of strength
HPRegen 0.28/turn    (no ring)
MPRegen 0.12/turn

%: faith
@: lethally poisoned (-1 -> -3)
A: no striking features
a: Renounce Religion


You were on level 6 of the Dungeon.
You worshipped Okawaru.
Okawaru was noncommittal.
You visited 1 branch of the dungeon, and saw 6 of its levels.

You collected 376 gold pieces.
You spent 330 gold pieces at shops.


   Skills:
 + Level 3.0 Fighting
 - Level 14.1 Ranged Weapons
 - Level 1.6 Armour
 - Level 6.0 Dodging
 - Level 1.2 Stealth


You had 8 spell levels left.
You didn't know any spells.
Your spell library was empty.

Inventory:

Hand Weapons
 a - a +0 heavy shortbow (weapon)
Armour
 d - a +0 pair of boots
 e - a +1 ring mail (worn)
 f - a +2 pair of gloves (worn)
 g - a +2 robe of fire resistance
Jewellery
 b - a ring of fire
 c - an amulet of faith (around neck)
 h - a +6 ring of strength (left hand)
 k - an amulet of reflection
Wands
 j - a wand of polymorph (3)
Scrolls
 i - 2 scrolls of teleportation

Dungeon Overview and Level Annotations

Branches:
Dungeon (6/15)             Temple (0/1) D:6

Altars:
Dithmenos
Kikubaaqudgha
Okawaru
Ru

Shops:
D:5 =


Message History

The killer bee misses you. The killer bee closely misses you.
The killer bee barely misses you.
You shoot an arrow. The arrow hits the killer bee!
The killer bee is heavily wounded.
You feel very sick. The killer bee closely misses you.
The killer bee stings you. The killer bee misses you.
The killer bee barely misses you. The killer bee closely misses you.
You shoot an arrow. The arrow barely misses the killer bee.
You feel sick. The killer bee stings you. The killer bee closely misses you.
The killer bee barely misses you.
The killer bee stings you but does no damage.
The killer bee completely misses you. The killer bee closely misses you.
The killer bee misses you. x2; The killer bee barely misses you.
The killer bee misses you. The killer bee stings you.
The killer bee closely misses you.
You shoot an arrow.
The arrow closely misses the killer bee.
You feel sick. The killer bee barely misses you. The killer bee stings you.
The killer bee misses you. The killer bee barely misses you.
The killer bee stings you but does no damage.
The killer bee stings you. The killer bee closely misses you.
The killer bee stings you.
You shoot an arrow.
The arrow closely misses the killer bee.
You feel sick. The killer bee stings you. The killer bee closely misses you. x2
The killer bee stings you but does no damage.
The killer bee closely misses you.
The killer bee stings you but does no damage.
The killer bee misses you.
The killer bee stings you but does no damage.
You shoot an arrow. The arrow barely misses the killer bee.
You feel sick.
The killer bee stings you but does no damage.
The killer bee stings you. x2
The killer bee stings you but does no damage.
The killer bee closely misses you. x2; The killer bee barely misses you.
The killer bee closely misses you. The killer bee stings you.
The killer bee closely misses you. The killer bee stings you. x2
You die...

.#.....# #...........#
...#...####...........#.
.....#..%...%.........[.
...#.................P..
.#.....................#
...........####....#._.
#.#........# #....# ..
..#........# #.yy.# P...
..#........# #.@y.#.....
..##......## #..y......#
.. #...... #.........#
.. ...... +.........#
#.....%...# #######....
%... . ... ..


You could see 4 killer bees.

Vanquished Creatures
  Eustachio (D:5)
  A water moccasin (D:6)
  A hornet zombie (D:5)
  3 black bears
  A phantom (D:4)
  Blork the orc (D:4)
  4 necrophages (D:5)
  4 scorpions (D:5)
  A water moccasin skeleton (D:5)
  2 killer bees (D:6)
  A bullfrog zombie (D:5)
  A human zombie (D:5)
  An orc priest (D:3)
  2 hounds
  3 jellies
  3 iguanas
  A sleepcap (D:4)
  Jessica (D:3)
  Terence (D:3)
  A scorpion zombie (D:5)
  3 orc wizards
  2 hound zombies (D:5)
  A gnoll (D:5)
  8 adders
  A shadow imp (D:5)
  2 ufetubi (D:6)
  2 dart slugs
  22 orcs
  8 endoplasms
  3 giant cockroaches
  5 goblins
  3 hobgoblins
  3 jackals (D:1)
  3 quokkas
  3 ball pythons
  7 bats
  4 frilled lizards
  6 kobolds
  2 rats (D:3)
122 creatures vanquished.

Notes
Turn   | Place    | Note
-------+----------+-------------------------------------------
     0 | D:1      | qw the Deep Elf Hunter began the quest for the Orb.
     0 | D:1      | Reached XP level 1. HP: 12/12 MP: 3/3
     0 | D:1      | 0 ||| qw: Version: 0.3-a-160-g6735b56
     0 | D:1      | 0 ||| qw: Game counter: 5581
     0 | D:1      | 0 ||| qw: Melee chars always use a shield: true
     0 | D:1      | 0 ||| qw: God list: Okawaru
     0 | D:1      | 0 ||| qw: Allow faded altars: false
     0 | D:1      | 0 ||| qw: Do Orc after clearing Dungeon:15 true
     0 | D:1      | 0 ||| qw: Do second Lair branch before Depths: true
     0 | D:1      | 0 ||| qw: Lair rune preference: random
     0 | D:1      | 0 ||| qw: Goals: Normal
     0 | D:1      | 0 ||| PLANNING D:1-11
   270 | D:1      | Reached XP level 2. HP: 6/16 MP: 4/4
   271 | D:1      | Reached skill level 6 in Ranged Weapons
   586 | D:1      | 586 ||| UPGRADING to +0 ring mail.
   596 | D:1      | 596 ||| DROPPING +0 leather armour.
   597 | D:1      | 597 ||| UPGRADING to +2 pair of gloves.
   602 | D:1      | 602 ||| UPGRADING to +6 ring of strength.
   603 | D:1      | 603 ||| READING 2 scrolls labelled KEOXIH FOE.
   603 | D:1      | 603 ||| IDENTIFYING scroll labelled PISUOTZAFFE
   604 | D:1      | 604 ||| READING scroll of brand weapon.
   604 | D:1      | 604 ||| BRANDING +0 shortbow.
   605 | D:1      | 605 ||| READING scroll of identify.
   605 | D:1      | 605 ||| IDENTIFYING scroll labelled YRAIRCHE AXOPAN
   606 | D:1      | 606 ||| READING scroll of enchant armour.
   606 | D:1      | 606 ||| ENCHANTING +0 ring mail.
   607 | D:1      | 607 ||| READING 2 scrolls labelled ESUFEB LYAGGIU.
   608 | D:1      | 608 ||| DROPPING scroll of butterflies.
   609 | D:1      | 609 ||| DROPPING scroll of blinking.
   766 | D:2      | Reached XP level 3. HP: 20/20 MP: 5/5
  1093 | D:2      | You fall into a shaft and drop 1 floor!
  1118 | D:3      | Reached skill level 7 in Ranged Weapons
  1118 | D:3      | Reached XP level 4. HP: 25/25 MP: 6/6
  1133 | D:3      | 1133 ||| READING scroll labelled VOALAP ISSANUT.
  1261 | D:3      | 1261 ||| READING scroll labelled HOYDDA DEHIES.
  1262 | D:3      | 1262 ||| READING scroll labelled VUHOHILAAR.
  1267 | D:3      | 1267 ||| FLEEEEING.
  1268 | D:3      | 1268 ||| STAIRDANCE
  1395 | D:3      | 1395 ||| FLEEEEING.
  1397 | D:3      | 1397 ||| STAIRDANCE
  1473 | D:3      | Noticed Terence
  1477 | D:3      | Killed Terence
  1478 | D:3      | Reached skill level 8 in Ranged Weapons
  1553 | D:3      | Reached XP level 5. HP: 28/29 MP: 7/7
  1562 | D:3      | 1562 ||| FLEEEEING.
  1585 | D:3      | Noticed Jessica
  1586 | D:3      | Killed Jessica
  1587 | D:3      | Reached skill level 9 in Ranged Weapons
  1588 | D:3      | 1588 ||| FLEEEEING.
  1597 | D:3      | Reached skill level 3 in Dodging
  1597 | D:3      | 1597 ||| FLEEEEING.
  1598 | D:3      | 1598 ||| FLEEEEING.
  1599 | D:3      | 1599 ||| FLEEEEING.
  1600 | D:3      | 1600 ||| FLEEEEING.
  1601 | D:3      | 1601 ||| FLEEEEING.
  1602 | D:3      | 1602 ||| STAIRDANCE
  1633 | D:3      | 1633 ||| STAIRDANCE
  1935 | D:4      | Reached XP level 6. HP: 35/35 MP: 8/8
  2024 | D:4      | Noticed Blork the orc
  2028 | D:4      | Killed Blork the orc
  2029 | D:4      | 2029 ||| FLEEEEING.
  2135 | D:4      | 2135 ||| FLEEEEING.
  2137 | D:4      | 2137 ||| FLEEEEING.
  2138 | D:4      | 2138 ||| FLEEEEING.
  2139 | D:4      | 2139 ||| FLEEEEING.
  2140 | D:4      | 2140 ||| FLEEEEING.
  2143 | D:4      | Reached skill level 10 in Ranged Weapons
  2204 | D:4      | Reached skill level 1 in Armour
  2462 | D:4      | Reached XP level 7. HP: 40/40 MP: 9/9
  2474 | D:4      | 2474 ||| DROPPING amulet of magic regeneration.
  2475 | D:4      | 2475 ||| READING scroll labelled TANUTY IZUL.
  2609 | D:5      | Entered Level 5 of the Dungeon
  2611 | D:5      | 2611 ||| STAIRDANCE
  2616 | D:5      | 2616 ||| STAIRDANCE
  2652 | D:5      | 2652 ||| STAIRDANCE
  2679 | D:5      | 2679 ||| STAIRDANCE
  2681 | D:4      | 2681 ||| DRINKING fizzy ruby potion.
  2682 | D:4      | 2682 ||| DRINKING bubbling sapphire potion.
  2683 | D:4      | 2683 ||| DRINKING dark potion.
  2686 | D:5      | 2686 ||| STAIRDANCE
  2755 | D:5      | Reached skill level 11 in Ranged Weapons
  2813 | D:5      | Found an ancient bone altar of Kikubaaqudgha.
  2874 | D:5      | Reached XP level 8. HP: 44/44 MP: 10/10
  2881 | D:5      | Reached skill level 12 in Ranged Weapons
  2906 | D:5      | Reached skill level 3 in Fighting
  2992 | D:5      | 2992 ||| RETREEEEATING.
  2993 | D:5      | 2993 ||| RETREEEEATING.
  2995 | D:5      | 2995 ||| RETREEEEATING.
  2996 | D:5      | 2996 ||| RETREEEEATING.
  2997 | D:5      | 2997 ||| RETREEEEATING.
  2998 | D:5      | 2998 ||| RETREEEEATING.
  2999 | D:5      | 2999 ||| RETREEEEATING.
  3051 | D:5      | Identified the +0 war axe "Qoudiet" {heavy, rN+ Dex+2}
  3059 | D:5      | Reached skill level 13 in Ranged Weapons
  3252 | D:5      | Found Ryutac's Jewellery Shoppe.
  3255 | D:5      | 3255 ||| BUYING amulet of reflection (330 gold).
  3255 | D:5      | Bought an amulet of reflection for 330 gold pieces
  3255 | D:5      | 3255 ||| SHOPLISTING ring "Rakhlig" {rF+ Will+ Str+6
                  | Stlth+} (642 gold, have 10).
  3255 | D:5      | 3255 ||| SHOPLISTING ring of fire (275 gold, have 10).
  3255 | D:5      | 3255 ||| SHOPLISTING ring of ice (275 gold, have 10).
  3255 | D:5      | 3255 ||| SHOPLISTING ring of poison resistance (220 gold,
                  | have 10).
  3255 | D:5      | 3255 ||| SHOPLISTING ring of protection from cold (275
                  | gold, have 10).
  3351 | D:5      | Noticed Eustachio
  3353 | D:5      | Found an iron altar of Okawaru.
  3354 | D:5      | 3354 ||| PLANNING OKAWARU WORSHIP
  3364 | D:5      | Killed Eustachio
  3378 | D:5      | 3378 ||| UPGRADING to amulet of faith.
  3383 | D:5      | 3383 ||| READING scroll of identify.
  3383 | D:5      | 3383 ||| IDENTIFYING scroll labelled SOLE CIADE
  3389 | D:5      | Became a worshipper of Warmaster Okawaru
  3390 | D:5      | 3390 ||| PLANNING D:1-11
  3532 | D:6      | Found a shadowy altar of Dithmenos.
  3555 | D:6      | Found a staircase to the Ecumenical Temple.
  3606 | D:6      | Reached skill level 14 in Ranged Weapons
  3720 | D:6      | Reached XP level 9. HP: 50/50 MP: 11/11
  3738 | D:6      | Found a sacrificial altar of Ru.
  3751 | D:6      | 3751 ||| RETREEEEATING.
  3753 | D:6      | Reached skill level 6 in Dodging
  3760 | D:6      | HP: 8/50 [killer bee (5)]
  3760 | D:6      | HP: 3/50 [killer bee (5)]
  3760 | D:6      | HP: 1/50 [killer bee (2)]
  3760 | D:6      | Slain by a killer bee

Levels and vault maps discovered:
D:1:      spicycebolla_green_bress_n_ham_2, layout_rooms,
          dreamdust_princess_corridor, hangedman_decor_points,
          serial_bayou_lake_a
D:2:      layout_loops_ring, minmay_misc_feat_five
D:3:      layout_rooms, uniq_jessica, uniq_terence
D:4:      minmay_general_purpose_star, layout_rooms,
          nicolae_figureground_sparkle, uniq_blork_the_orc
D:5:      layout_rooms, okawaru_ov_weapons_minmay,
          lemuel_mausoleum_altar_kikubaaqudgha, serial_shops,
          nicolae_shop_real_fake_doors, minmay_quadrilaterals, uniq_eustachio
D:6:      layout_gridville, mainiacjoe_overflow_tiny_flanked,
          grunt_dithmenos_smoke, minmay_temple_entry_sparse_star,
          minmay_liquid_box, uniq_menkaure

Skill      XL: |  1  2  3  4  5  6  7  8  9 |
---------------+----------------------------+-----
Ranged Weapons | 6 7 8 9 10 11 14 | 14.1
Dodging        | 3 4 5 6 |  6.0
Fighting       | 2 3 |  3.0
Armour         | 1 |  1.6
Stealth        | |  1.2

Action                     |  1- 3 |  4- 6 |  7- 9 || total
---------------------------+-------+-------+-------++-------
   Fire: Shortbow          |    57 |   119 |   169 ||   345
    Use: Scroll            |     5 |     3 |     2 ||    10
         Potion            |       |       |     3 ||     3
 Armour: Leather armour    |     5 |       |       ||     5
         Ring mail         |       |    51 |   108 ||   159
  Dodge: Dodged            |     3 |    45 |   131 ||   179

Table legend:
 A = Non-vault XP
 B = Vault XP
 C = Vault XP percentage of total XP
 D = Non-vault monster count
 E = Vault monster count
 F = Vault count percentage of total count
                 A         B        C        D         E       F
            +---------+---------+-------+---------+---------+-------
      Total |    1324 |    1684 |  56.0 |      95 |      27 |  22.1
            +---------+---------+-------+---------+---------+-------
        D:1 |      24 |       0 |   0.0 |      13 |       0 |   0.0
        D:2 |      38 |       0 |   0.0 |      15 |       0 |   0.0
        D:3 |     223 |      73 |  24.7 |      30 |       2 |   6.2
        D:4 |     214 |     197 |  47.9 |      18 |       4 |  18.2
        D:5 |     393 |    1414 |  78.3 |      12 |      21 |  63.6
        D:6 |     432 |       0 |   0.0 |       7 |       0 |   0.0
            +---------+---------+-------+---------+---------+-------
